 Dungeon Crawl Stone Soup version 0.24.0-13-gcf9b319 (webtiles) character file.

Game seed: 6011251918509584116, levelgen mode: deterministic

138 Dharzhak the Charmwright (level 5, -3/39 HPs)
             Began as a Barachi Skald on Jan 5, 2020.
             Killed from afar by an orc wizard (7 damage)
             ... with a puff of flame
             ... on level 3 of the Dungeon.
             The game lasted 00:08:09 (2044 turns).

Dharzhak the Charmwright (Barachi Skald)            Turns: 2044, Time: 00:08:10

Health: -3/39      AC:  7    Str: 14    XL:     5   Next: 21%
Magic:  4/9        EV: 12    Int: 13    God:
Gold:   116        SH:  0    Dex: 11    Spells: 4/9 levels left

rFire    . . .     SeeInvis .   a - +0 falchion
rCold    . . .     Gourm    .   (no shield)
rNeg     . . .     Faith    .   b - +0 leather armour
rPois    .         Spirit   .   l - +1 helmet
rElec    .         Reflect  .   (no cloak)
rCorr    .         Harm     .   m - +1 pair of gloves
MR       .....                  (no boots)
Stlth    +.........             (no amulet)
HPRegen  0.13/turn              (no ring)
MPRegen  0.11/turn              (no ring)

@: singing, very slightly contaminated, slow
A: +LOS, swims, slowness 1, strong legs 1
a: Hop


You were on level 3 of the Dungeon.
You were not hungry.

You visited 1 branch of the dungeon, and saw 3 of its levels.

You collected 116 gold pieces.

Inventory:

Hand Weapons
 a - a +0 falchion (weapon)
Armour
 b - a +0 leather armour (worn)
 l - a +1 helmet (worn)
 m - a +1 pair of gloves (worn)
Scrolls
 c - a scroll of amnesia {unknown}
 i - a scroll of random uselessness {unknown}
 j - 2 scrolls of identify
 n - a scroll of remove curse {unknown}
 o - a scroll of noise {unknown}
 p - a scroll of enchant weapon {unknown}
Potions
 e - a potion of brilliance
 g - 2 potions of magic
 h - a potion of degeneration
 k - 2 potions of resistance
Comestibles
 d - 9 rations
 f - 7 chunks of flesh


   Skills:
 + Level 2.6 Fighting
 + Level 4.0 Long Blades
 + Level 2.3 Armour
 + Level 3.0 Dodging
 + Level 2.9 Spellcasting
 + Level 4.1 Charms


You had 4 spell levels left.
You knew the following spells:

 Your Spells              Type           Power        Failure   Level  Hunger
a - Infusion              Chrm           ##..         5%          1    #......
b - Song of Slaying       Chrm           ##......     8%          2    ###....
c - Shroud of Golubria    Chrm/Tloc      #.....       19%         2    ###....

Your spell library contained the following spells:

 Spells                   Type           Power        Failure   Level  Hunger
 Regeneration             Chrm/Necr      #.........   36%         3    ###....
 Spectral Weapon          Hex/Chrm       #.......     36%         3    ###....


Dungeon Overview and Level Annotations

Branches:
Dungeon (3/15)

Altars:
Makhleb


Innate Abilities, Weirdness & Mutations

Shadows flee at your approach. (+LOS)
You can swim through water.
You cover ground slowly.
You can hop short distances.


Message History

The orc hits you with a +0 flail!
Your shroud falls apart!
You barely miss the orc.
The orc is lightly wounded.
The orc closely misses you.
You riposte.
You barely miss the orc.
The orc is lightly wounded.
You slash the orc!
You kill the orc!
Your Dodging skill increases to level 3!
You hit something but do no damage.
Something hits you but does no damage. x2
You are electrocuted!!
Ouch! That really hurt!
You barely miss something. Something hits you but does no damage.
You are electrocuted!
* * * LOW HITPOINT WARNING * * *
You barely miss something.
You hear some strange, mumbled words.
A puff of flame appears from out of thin air!
The puff of flame hits you!
You die...

### ####.# #####
#....# #...
#.##.#########.#
#@##.....<...รท.#
#)#.........#..##
#o#.#######.#...#
#o#. #.#.#.# #.#.
#.#.#.## #.#.
#.#.#.#. #.#.
#.#.#.#. #.#.
#.#.#.#. #.#
#.#.#.##


You could see 2 orcs.

Vanquished Creatures
  4 adders
  A shadow imp (D:2)
  2 oozes (D:1)
  3 worms
  2 dart slugs
  5 leopard geckos
  2 orcs (D:3)
  A ball python (D:1)
  2 giant cockroaches (D:1)
  6 goblins
  6 hobgoblins
  3 jackals (D:2)
  A quokka (D:3)
  8 bats
  5 frilled lizards
  5 kobolds
  14 rats
70 creatures vanquished.

Notes
Turn   | Place    | Note
-------+----------+-------------------------------------------
     0 | D:1      | Dharzhak the Barachi Skald began the quest for the Orb.
     0 | D:1      | Reached XP level 1. HP: 17/17 MP: 3/3
   206 | D:1      | Reached XP level 2. HP: 20/23 MP: 0/5
   342 | D:1      | Learned a level 2 spell: Song of Slaying
   440 | D:1      | Reached XP level 3. HP: 21/28 MP: 0/6
  1112 | D:2      | Learned a level 2 spell: Shroud of Golubria
  1201 | D:2      | Reached XP level 4. HP: 33/34 MP: 2/7
  1747 | D:2      | Found a burning altar of Makhleb.
  1868 | D:3      | Reached XP level 5. HP: 39/39 MP: 3/9
  2044 | D:3      | Killed from afar by an orc wizard

Levels and vault maps discovered:
D:1:      minmay_arrival_checkered_box, layout_rooms
D:2:      layout_rooms, makhleb_grotto_becter
D:3:      layout_basic, first_ration, gammafunk_ghost_nasty_kobolds

Skill      XL: |  1  2  3  4  5 |
---------------+----------------+-----
Long Blades    | 3 4 |  4.0
Armour         | 2 |  2.3
Charms         | 4 |  4.1
Dodging        | 3 |  3.0
Fighting       | |  2.6
Spellcasting   | |  2.9

Action                   |  1- 3 |  4- 6 || total
-------------------------+-------+-------++-------
Melee: Falchion          |    87 |    90 ||   177
 Cast: Infusion          |    16 |     8 ||    24
       Song of Slaying   |     1 |     7 ||     8
       Shroud of Golubri |       |     1 ||     1
  Use: Scroll            |       |     3 ||     3
  Eat: Chunk             |     2 |     4 ||     6
Armor: Leather armour    |    24 |    42 ||    66
Dodge: Dodged            |    63 |    71 ||   134
       Rpst.: Falchion   |    27 |    22 ||    49
